 Dungeon Crawl Stone Soup version bcrawl-1.40.3b (webtiles) character file.

Game seed: 5516146039176668684

342557 Galewind the Destroyer (level 10, 0/56 HPs)
             Began as an Avariel Conjurer on Mar 2, 2024.
             Was a Believer of Vehumet.
             Splashed by an oklob plant's acid (11 damage)
             ... on level 1 of the Lair of Beasts.
             The game lasted 00:09:07 (8246 turns).

Galewind the Destroyer (Avariel Conjurer)           Turns: 8246, Time: 00:09:08

Health: 0/56       AC: -2    Str: 12    XL:     10   Next: 93%
Magic:  20/26      EV: 22    Int: 31    God:    Vehumet [**....]
Gold:   267        SH:  0    Dex: 18    Spells: 23/29 levels left

rFire    . . .     GDR:     29%   - Fists (3.3)
rCold    . . .     SeeInvis .   (no shield)
rNeg     . . .     Gourm    .   a - +0 robe
rPois    .         Faith    +   (no helmet)
rElec    .         Spirit   .   (no cloak)
rCorr    .         Reflect  .   (no gloves)
MR       ++...                  (no boots)
Stlth    ++........             p - amulet of faith
HPRegen  0.19/turn              h - +6 ring of strength
MPRegen  0.20/turn              q - ring of Yendor {MR+ Int+6 Dex+5}

@: corroded, flying quickly and evasively, quick
A: able to fly
a: Stop Flying, Renounce Religion


You were on level 1 of the Lair of Beasts.
You worshipped Vehumet.
Vehumet was pleased with you.
You were near starving.

You visited 3 branches of the dungeon, and saw 9 of its levels.

You collected 429 gold pieces.
You spent 162 gold pieces at shops.

Inventory:

Armour
 a - a +0 robe (worn)
 s - the +4 robe of Augmentation {Str+4 Int+4 Dex+4}
   (You found it on level 5 of the Dungeon)

   It affects your strength (+4).
   It affects your intelligence (+4).
   It affects your dexterity (+4).
Jewellery
 h - a +6 ring of strength (left hand)
 n - an uncursed ring of poison resistance {unknown}
 p - an amulet of faith (around neck)
 q - the ring of Yendor (right hand) {MR+ Int+6 Dex+5}
   (You found it on level 5 of the Dungeon)

   [ring of protection from magic]

   It affects your intelligence (+6).
   It affects your dexterity (+5).
   It affects your resistance to hostile enchantments.
Wands
 w - a wand of acid (4)
Scrolls
 b - a scroll of noise
 c - a scroll of fog
 f - a scroll of fear {unknown}
 g - 3 scrolls of remove curse
 i - a scroll of identify
 m - 3 scrolls of teleportation {unknown}
 t - 3 scrolls of amnesia {unknown}
 u - 2 scrolls of blinking {unknown}
Potions
 d - 2 potions of mutation
 j - a potion of haste {unknown}
 k - 2 potions of might {unknown}
 l - 3 potions of brilliance
 o - 2 potions of resistance
 r - a potion of heal wounds {unknown}
 v - 2 potions of curing
 x - 2 potions of degeneration {unknown}
 z - a potion of berserk rage
 A - a potion of flight
Comestibles
 e - 15 rations {!d}


   Skills:
 - Level 4.0 Fighting
 - Level 8.0 Dodging
 - Level 2.1 Stealth
 - Level 10.0 Spellcasting
 - Level 12.0 Conjurations
 + Level 8.1 Evocations


You had 23 spell levels left.
You knew the following spells:

 Your Spells              Type           Power        Failure   Level  Hunger
a - Magic Dart            Conj           ####         0%          1    None
b - Searing Ray           Conj           ######..     1%          2    None
c - Iskenderun's Mystic   Conj           ######..     1%          3    None

Your spell library contained the following spells:

 Spells                   Type           Power        Failure   Level  Hunger
 Throw Frost              Conj/Ice       ######       1%          2    None
 Sting                    Conj/Pois      ####         1%          1    None
 Fulminant Prism          Conj/Hex       ######....   1%          4    #......
 Ignite Poison            Fire/Tmut/Pois ###.....     2%          3    None
 Irradiate                Conj/Tmut      ######....   2%          5    ####...
 Venom Bolt               Conj/Pois      ######....   2%          5    ####...
 Poisonous Vapours        Pois/Air       ###...       4%          2    None
 Olgreb's Toxic Radiance  Pois           ###......    32%         4    #......
 Summon Scorpions         Summ/Pois      ###.....     32%         4    #......


Dungeon Overview and Level Annotations

Branches:
Dungeon (7/12)             Temple (1/1) D:4            Lair (1/6) D:7

Altars:
Ashenzari
Cheibriados
Dithmenos
Elyvilon
Fedhas
Gozag
Hepliaklqana
Kikubaaqudgha
Lugonu
Makhleb
Nemelex Xobeh
Okawaru
Qazlal
Ru
Sif Muna
Trog
Uskayaw
Vehumet
Wu Jian
Xom
Yredelemnul
Zin
The Shining One

Shops:
D:7 !

Annotations:
D:7 1 runed translucent door, schneppke's ghost, novice CeMA
Lair:1 exclusion: oklob plant


Innate Abilities, Weirdness & Mutations

You can fly continuously.


Message History

Aiming: Iskenderun's Mystic Blast (safe; 1% risk of failure)
Press: ? - help, Shift-Dir - straight line, f - oklob plant
Aim: an oklob plant (moderately damaged, hasn't noticed you)
The orb of energy hits the oklob plant.
The oklob plant is heavily damaged.
The orb of energy explodes!
The oklob plant spits acid at you. The splash of acid hits you!
The acid corrodes you!
You are splashed with acid!
Casting: Iskenderun's Mystic Blast (safe; 1% risk of failure)
Confirm with . or Enter, or press ? or * to list all spells.
Aiming: Iskenderun's Mystic Blast (safe; 1% risk of failure)
Press: ? - help, Shift-Dir - straight line, f/p - oklob plant
Aim: an oklob plant (heavily damaged)
The orb of energy hits the oklob plant!!
The oklob plant is almost destroyed.
The oklob plant spits acid at you. The splash of acid hits you!!
* * * LOW HITPOINT WARNING * * *
You are splashed with acid!
You die...

#### #/)P #...
#$.† ###
##.#...###P#######
............>.....
.......@..........
.................#
.#
...........####...
.. $####.####.##
#.# ... #. #..#
#.# ##.P .# ..
#.#####.# #..# ##
.# ##.
#.#..#P.####..#
.##.#
#........##....
....#####
#..............


You could see an oklob plant.

Vanquished Creatures
  An oklob plant (Lair:1)
  A black mamba (Lair:1)
  An elephant (Lair:1)
  A gargoyle (D:7)
  2 cane toads (Lair:1)
  A komodo dragon (Lair:1)
  A troll (D:7)
  4 yaks
  A basilisk (D:7)
  A hungry ghost (D:4)
  2 water moccasins (Lair:1)
  4 crocodiles
  5 porcupines
  A sky beast (D:6)
  A soldier ant (D:6)
  2 ice beasts
  2 phantoms
  2 ogres
  A kobold brigand (D:7)
  Blork the orc (D:4)
  A scorpion (D:7)
  A killer bee (D:5)
  2 orc priests
  2 crimson imps
  A bullfrog zombie (D:5)
  A jelly (D:5)
  A hound (D:7)
  6 orc wizards
  A bullfrog skeleton (D:6)
  4 worker ants (D:4)
  A hound zombie (D:6)
  A hound skeleton (D:5)
  A worker ant zombie (D:7)
  8 gnolls
  12 adders
  A howler monkey skeleton (D:5)
  4 river rats (D:3)
  A shadow imp (D:6)
  An ooze (D:2)
  10 worms
  A dart slug (D:1)
  3 leopard geckos
  24 orcs
  4 bats (D:1)
  3 giant cockroaches
  6 goblins
  2 hobgoblins
  13 jackals
  13 kobolds
  3 quokkas
  2 ball pythons
  3 frilled lizards
  5 rats
  3 plants (Lair:1)
180 creatures vanquished.

Vanquished Creatures (others)
  A fungus (D:7)
  8 plants
9 creatures vanquished.

Grand Total: 189 creatures vanquished

Notes
Turn   | Place    | Note
-------+----------+-------------------------------------------
     0 | D:1      | Galewind the Avariel Conjurer began the quest for the Orb.
     0 | D:1      | Reached XP level 1. HP: 10/10 MP: 6/6
   161 | D:1      | Reached XP level 2. HP: 10/15 MP: 3/7
   193 | D:1      | Learned a level 2 spell: Searing Ray
   254 | D:1      | Reached skill level 6 in Conjurations
   450 | D:1      | Reached XP level 3. HP: 19/19 MP: 6/9
   454 | D:1      | Learned a level 3 spell: Iskenderun's Mystic Blast
  1085 | D:2      | Reached XP level 4. HP: 24/24 MP: 4/10
  1921 | D:3      | Reached skill level 7 in Conjurations
  2057 | D:3      | Reached XP level 5. HP: 28/28 MP: 3/12
  2547 | D:3      | Found a shadowy altar of Dithmenos.
  2603 | D:3      | Reached XP level 6. HP: 33/33 MP: 0/14
  3201 | D:3      | Reached skill level 5 in Spellcasting
  3254 | D:3      | Reached skill level 8 in Conjurations
  3517 | D:4      | Found a staircase to the Ecumenical Temple.
  3547 | Temple   | Entered the Ecumenical Temple
  3871 | D:4      | Noticed an ice beast
  3875 | D:4      | Killed an ice beast
  3876 | D:4      | Reached XP level 7. HP: 37/37 MP: 7/17
  4157 | D:4      | Noticed a hungry ghost
  4162 | D:4      | Killed a hungry ghost
  4308 | D:4      | Reached skill level 9 in Conjurations
  4697 | D:5      | Entered Level 5 of the Dungeon
  4702 | D:5      | Noticed Blork the orc
  4711 | D:4      | Killed Blork the orc
  4712 | D:4      | Reached XP level 8. HP: 20/42 MP: 18/21
  4839 | D:5      | Found a sacrificial altar of Ru.
  4840 | D:5      | Found an ornate altar of the Wu Jian Council.
  4840 | D:5      | Found a hazy altar of Hepliaklqana.
  4841 | D:5      | Found a radiant altar of Vehumet.
  4854 | D:5      | Became a worshipper of Vehumet
  5049 | D:5      | Reached skill level 10 in Conjurations
  5138 | D:5      | Got a steaming platinum ring
  5343 | D:5      | Identified the ring of Yendor {MR+ Int+6 Dex+5} (You found
                  | it on level 5 of the Dungeon)
  5360 | D:5      | Found the +4 robe of Augmentation {Str+4 Int+4 Dex+4}
  5777 | D:6      | Found a shimmering blue altar of Sif Muna.
  5780 | D:6      | Found a shimmering altar of Xom.
  5780 | D:6      | Found a burning altar of Makhleb.
  5918 | D:6      | Reached skill level 1 in Fighting
  6139 | D:6      | Found a corrupted altar of Lugonu.
  6424 | D:6      | Gained mutation: You can fly continuously. [Avariel growth]
  6424 | D:6      | Reached XP level 9. HP: 47/47 MP: 11/24
  6579 | D:7      | Reached skill level 11 in Conjurations
  6608 | D:7      | Found a staircase to the Lair.
  6620 | D:7      | Reached * piety under Vehumet
  6620 | D:7      | Offered knowledge of Flame Tongue by Vehumet.
  6621 | D:7      | Reached skill level 10 in Spellcasting
  6711 | D:7      | Reached skill level 12 in Conjurations
  6741 | D:7      | Reached skill level 5 in Dodging
  6952 | D:7      | Noticed a troll
  6963 | D:7      | Killed a troll
  7036 | D:7      | Reached XP level 10. HP: 53/53 MP: 13/26
  7209 | D:7      | Reached ** piety under Vehumet
  7209 | D:7      | Offered knowledge of Throw Frost by Vehumet.
  7230 | D:7      | Noticed a gargoyle
  7232 | D:7      | Killed a gargoyle
  7311 | D:7      | Noticed schneppke's ghost (novice CeMA)
  7312 | D:7      | Found a runed translucent door.
  7389 | D:7      | Found Pueteips's Distillery.
  7399 | D:7      | Bought a potion of berserk rage for 36 gold pieces
  7399 | D:7      | Bought a potion of brilliance for 48 gold pieces
  7399 | D:7      | Bought a potion of flight for 48 gold pieces
  7399 | D:7      | Bought a potion of curing for 30 gold pieces
  7858 | Lair:1   | Entered Level 1 of the Lair of Beasts
  7873 | Lair:1   | Noticed a cane toad
  7876 | Lair:1   | Reached skill level 1 in Evocations
  7876 | Lair:1   | Killed a cane toad
  7985 | Lair:1   | Noticed a black mamba
  7990 | Lair:1   | Killed a black mamba
  7991 | Lair:1   | Reached skill level 5 in Evocations
  8087 | Lair:1   | Noticed an oklob plant
  8088 | Lair:1   | Noticed a cane toad
  8093 | Lair:1   | Killed a cane toad
  8094 | Lair:1   | Killed an oklob plant
  8141 | Lair:1   | Noticed an oklob plant
  8184 | Lair:1   | Noticed an elephant
  8193 | Lair:1   | Killed an elephant
  8246 | Lair:1   | Splashed by an oklob plant's acid

Skill      XL: |  1  2  3  4  5  6  7  8  9 10 |
---------------+-------------------------------+-----
Conjurations   | 6 7 8 9 10 12 | 12.0
Spellcasting   | 3 4 5 7 9 10 | 10.0
Dodging        | 3 7 8 |  8.0
Fighting       | 1 2 4 |  4.0
Evocations     | 8 |  8.1
Stealth        | |  2.1

Action                   |  1- 3 |  4- 6 |  7- 9 | 10-12 || total
-------------------------+-------+-------+-------+-------++-------
Melee: Unarmed           |     2 |     3 |     1 |       ||     6
 Cast: Magic Dart        |    70 |   119 |     6 |       ||   195
       Searing Ray       |       |     8 |     2 |       ||    10
       Iskenderun's Myst |       |     9 |   115 |    56 ||   180
  Use: Scroll            |       |     3 |       |     1 ||     4
       Potion            |       |       |     1 |       ||     1
 Stab: Sleeping          |       |       |     1 |       ||     1
  Eat: Chunk             |     2 |    10 |    11 |     2 ||    25
       Ration            |       |       |     1 |       ||     1
Armor: Robe              |     3 |     6 |     1 |     2 ||    12
Dodge: Dodged            |    22 |    40 |    29 |     5 ||    96
